Map: 2000 Atmospheres LE

Players

Strange

  • Race: Protoss Protoss

BattleB - Winner!

  • Race: Terran Terran

Event: DreamHack SC2 Masters 2021 Winter

VOD

Have the link to the VOD?

Description

Time

  • Played on: Oct. 5, 2021, 1:17 p.m.
  • Length: 12:15

All games in this series

Show
View Real Time Build Order
Export as new Build Order

Strange Protoss 

Build Orders: Proxy Void Ray 

Get SALT Encoding   

  12  0:08  Pylon  
  12  0:13  Probe  
  13  0:26  Gateway  
  13  0:30  Probe (Chrono Boost)  
  14  0:39  Probe (Chrono Boost)  
  14  0:40  Assimilator  
  15  0:44  Probe (Chrono Boost)  
  16  0:50  Assimilator  
  16  0:56  Probe  
  17  1:08  Probe  
  18  1:14  Cybernetics Core  
  18  1:20  Probe  
  18  1:23  Pylon  
  19  1:33  Probe  
  20  1:45  Probe  
  21  1:50  Adept (Chrono Boost)  
  21  1:51  Stargate  
  23  2:01  Shield Battery  
  23  2:04  Warp Gate  
  23  2:09  Probe  
  24  2:21  Probe  
  25  2:23  Pylon  
  25  2:25  Void Ray (Chrono Boost)  
  29  2:41  Shield Battery  
  29  2:55  Void Ray (Chrono Boost)  
  29  2:56  Shield Battery  
  31  3:07  Pylon  
  31  3:18  Gateway  
  31  3:25  Shield Battery  
  31  3:30  Void Ray (Chrono Boost)  
  35  3:44  Shield Battery  
  35  3:51  Gateway  
  35  3:58  Adept  
  37  4:12  Pylon  
  37  4:15  Adept  
  39  4:26  Stalker  
  41  4:33  Shield Battery  
  41  4:43  Stalker  
  39  4:50  Stalker x2  
  43  5:05  Void Ray (Chrono Boost)  
  39  5:07  Stalker  
  43  5:25  Adept x2  
  43  5:32  Stalker  
  45  5:46  Stalker x2  
  49  6:00  Stalker  
  43  6:14  Stalker x2  
  33  6:28  Stalker  
  35  6:41  Stalker x2  
  39  7:02  Twilight Council  
  39  7:12  Nexus  
  39  7:18  Pylon  
  39  7:22  Sentry  
  41  7:24  Probe  
  42  7:37  Probe  
  43  7:44  Charge (Chrono Boost)  
  43  7:46  Sentry  
  43  7:47  Zealot  
  47  8:00  Gateway  
  47  8:02  Probe (Chrono Boost)  
  46  8:14  Zealot  
  46  8:15  Probe (Chrono Boost)  
  49  8:23  Probe (Chrono Boost)  
  49  8:26  Probe (Chrono Boost)  
  49  8:30  Shield Battery  
  50  8:35  Probe (Chrono Boost)  
  50  8:36  Probe (Chrono Boost)  
  50  8:41  Probe x2 (Chrono Boost)  
  52  8:48  Gateway  
  53  8:52  Probe  
  53  8:53  Probe  
  51  8:57  Assimilator  
  51  9:03  Templar Archives  
  51  9:04  Probe  
  51  9:05  Probe  
  53  9:10  Assimilator  
  53  9:16  Psionic Storm, Probe  
  54  9:17  Probe  
  54  9:23  Pylon  
  55  9:28  Probe  
  55  9:29  Probe  
  57  9:36  Gateway x2  
  57  9:40  Probe  
  57  9:41  Pylon  
  58  9:47  High Templar x2  
  58  9:52  Colossus  
  62  9:53  High Templar  
  62  10:01  High Templar  
  64  10:21  Gateway x2  
  64  10:22  Zealot x2  
  66  10:29  Probe x2  
  66  10:30  Zealot  
  66  10:34  Zealot x3  
  73  10:41  Probe  
  72  10:44  High Templar x2  
  72  10:49  Archon, Pylon  
  74  10:52  Zealot  
  76  11:01  Pylon  
  76  11:03  Pylon  
  76  11:19  Zealot x5  
  76  11:23  Zealot  
  88  11:37  Pylon  
  88  11:39  Pylon  
  84  11:43  High Templar x4  
  86  11:47  Archon x2  
  86  11:54  Zealot x3  
Show
View Real Time Build Order
Export as new Build Order

BattleB Terran - Winner!

Build Orders:  

Get SALT Encoding   

  12  0:00  SCV  
  13  0:12  SCV  
  14  0:16  Supply Depot  
  14  0:24  SCV  
  15  0:38  SCV  
  15  0:39  Barracks  
  16  0:43  Refinery  
  16  0:50  SCV  
  17  1:02  SCV  
  18  1:14  SCV  
  19  1:26  Marine, Orbital Command  
  20  1:39  Command Center  
  20  1:49  Marine  
  21  1:55  SCV, Bunker  
  22  2:03  Supply Depot  
  22  2:07  Marine  
  23  2:18  Factory  
  23  2:23  Refinery  
  23  2:25  SCV, Marine  
  25  2:34  Bunker  
  25  2:37  SCV  
  26  2:44  Marine  
  26  2:49  SCV  
  28  2:57  Orbital Command  
  28  3:02  Marine  
  28  3:03  Factory Tech Lab  
  29  3:06  SCV  
  30  3:13  Supply Depot  
  30  3:20  Marine  
  30  3:22  Cyclone  
  34  3:27  Mag-Field Accelerator  
  34  3:29  SCV x2  
  36  3:36  Supply Depot  
  36  3:38  Marine  
  36  3:47  Starport  
  36  3:49  Orbital Command  
  37  3:55  Bunker  
  37  3:57  Cyclone  
  40  4:05  Supply Depot  
  40  4:06  SCV  
  40  4:18  SCV  
  40  4:19  SCV  
  41  4:25  Viking, Marine  
  41  4:28  Supply Depot  
  41  4:30  SCV  
  45  4:39  Cyclone  
  48  4:46  SCV, Marine  
  48  4:49  SCV  
  51  5:02  Viking  
  51  5:04  SCV  
  51  5:11  Cyclone  
  54  5:15  Supply Depot, Marine  
  54  5:17  SCV  
  54  5:19  SCV  
  55  5:30  Barracks  
  55  5:36  Marine  
  55  5:38  Viking  
  58  5:47  Siege Tank  
  61  5:54  Marine  
  56  6:11  Viking, Marine  
  54  6:20  Factory Tech Lab  
  54  6:23  Marine  
  51  6:29  Marine  
  51  6:32  Bunker  
  52  6:36  Supply Depot  
  52  6:39  Siege Tank  
  55  6:41  Marine  
  55  6:44  Medivac  
  58  6:48  Orbital Command  
  58  6:53  Marine  
  59  6:59  Supply Depot  
  59  7:11  Marine  
  59  7:12  Siege Tank  
  63  7:22  Marine  
  63  7:25  Starport Tech Lab  
  63  7:29  Marine  
  65  7:30  Barracks  
  65  7:34  SCV  
  66  7:44  Engineering Bay, Marine  
  66  7:46  SCV  
  66  7:50  Orbital Command  
  69  7:53  Siege Tank  
  72  7:58  SCV  
  72  8:07  Stimpack  
  72  8:10  SCV  
  73  8:12  Barracks Reactor  
  73  8:16  SCV  
  74  8:22  SCV  
  74  8:24  Barracks Tech Lab, Bunker  
  72  8:28  SCV  
  72  8:30  Starport Reactor  
  72  8:32  Marine  
  74  8:34  SCV  
  74  8:41  Supply Depot, Refinery  
  75  8:42  Factory Reactor  
  75  8:45  Combat Shield  
  75  8:46  Supply Depot  
  75  8:50  Marauder, Marine x2  
  75  8:54  Marauder  
  81  9:05  Missile Turret  
  81  9:06  Supply Depot  
  81  9:09  Terran Infantry Weapons Level 1  
  81  9:11  Marine x2  
  81  9:12  Refinery  
  83  9:20  Marauder  
  83  9:21  Marauder  
  83  9:23  Medivac  
  89  9:29  Marine x2  
  89  9:30  Medivac  
  93  9:38  Supply Depot, Widow Mine  
  95  9:40  Supply Depot  
  95  9:41  Widow Mine  
  97  9:49  Marine  
  97  9:50  Marauder x2, Marine  
  103  9:58  Medivac  
  102  10:00  Medivac  
  102  10:06  Widow Mine x2  
  107  10:13  Marine x2  
  107  10:14  Marauder x2  
  113  10:15  Supply Depot  
  113  10:30  Widow Mine x2, Command Center  
  115  10:35  Medivac x2  
  115  10:37  Marine x2  
  118  10:43  Marine x2  
  118  10:49  Ghost Academy  
  118  10:55  Marine x2  
  118  10:56  Widow Mine  
  118  10:57  Widow Mine  
  124  11:04  Marauder x2  
  128  11:10  Medivac x2  
  124  11:16  Marine x2  
  126  11:21  Widow Mine x2  
  130  11:28  Barracks  
  130  11:29  Marine x2  
  130  11:30  Barracks  
  129  11:34  Marine  
  123  11:40  SCV x2  
  116  11:52  SCV  
  110  11:54  Marine  

Tags
 
Add a new tag
Caveats
  • Supply blocks, unpowered buildings, or Contaminate may cause inaccurate times.
  • Supply counts are checked every 10 seconds.